 Dungeon Crawl Stone Soup version 0.28-a0-1567-g1695149f81 (webtiles) character file.

Game seed: 10837863661096633039

111 southernslant the Skirmisher (level 4, 0/35 HPs)
             Began as a Demonspawn Fighter on Jan 20, 2022.
             Succumbed to a scorpion's poison
             ... on level 2 of the Dungeon.
             The game lasted 00:03:52 (2290 turns).

southernslant the Skirmisher (Demonspawn Fighter)   Turns: 2290, Time: 00:03:53

Health: 0/35       AC:  7    Str: 19    XL:     4   Next: 62%
Magic:  4/4        EV:  9    Int:  9    God:
Gold:   69         SH:  5    Dex: 14    Spells: 3/3 levels left

rFire   . . .      SeeInvis .   a - +0 trident
rCold   . . .      Faith    .   c - +0 buckler
rNeg    . . .      Spirit   .   b - +0 scale mail
rPois   .          Reflect  .   (no helmet)
rElec   .          Harm     .   (no cloak)
rCorr   .          Rampage  .   h - +0 pair of gloves
Will    .....                   (no boots)
Stlth   +.........              (no amulet)
HPRegen 0.11/turn               (no ring)
MPRegen 0.09/turn               (no ring)

@: lethally poisoned (0 -> -2), attractive
A: thin skeletal structure 1, foul stench 1, powered by death 1
a: no special abilities


You were on level 2 of the Dungeon.
You visited 1 branch of the dungeon, and saw 2 of its levels.

You collected 69 gold pieces.

Inventory:

Hand Weapons
 a - a +0 trident (weapon)
 i - a +0 whip of venom
Missiles
 d - 4 poisoned darts (quivered)
 n - 2 javelins
 o - 24 stones
Armour
 b - a +0 scale mail (worn)
 c - a +0 buckler (worn)
 h - a +0 pair of gloves (worn)
Magical Staves
 f - a staff of fire
Scrolls
 g - a scroll of enchant armour {unknown}
 j - a scroll of teleportation {unknown}
Potions
 e - a potion of ambrosia {unknown}
 k - a potion of flight {unknown}
 l - a potion of curing {unknown}
 m - a potion of attraction


   Skills:
 + Level 3.3 Fighting
 * Level 2.4 Polearms
 - Level 0.2(1.4) Staves
 + Level 0.6 Throwing
 + Level 3.0 Armour
 * Level 1.5 Dodging
 + Level 0.8 Stealth
 + Level 3.0 Shields
 * Level 1.0 Evocations


You had 3 spell levels left.
You didn't know any spells.
Your spell library contained the following spells:

 Spells                   Type           Power      Damage    Failure   Level
 Sublimation of Blood     Necr           0%         N/A       94%         2
 Wereblood                Tmut           0%         N/A       94%         2
 Call Canine Familiar     Summ           0%         N/A       99%         3
 Portal Projectile        Hex/Tloc       0%         N/A       99%         3
 Leda's Liquefaction      Hex/Erth       0%         N/A       100%        4
 Summon Hydra             Summ           0%         N/A       100%        7


Dungeon Overview and Level Annotations

Branches:
Dungeon (2/15)

Altars:


Innate Abilities, Weirdness & Mutations

You have a somewhat thin skeletal structure. (Dex +2, Stealth+)
You may rarely emit foul miasma when damaged in melee.
You regenerate a little health from kills.


Message History

You hit the scorpion but do no damage.
The scorpion is lightly wounded.
The scorpion barely misses you. The scorpion closely misses you.
You hit the scorpion.
The scorpion is heavily wounded.
The scorpion barely misses you.
You barely miss the scorpion.
The scorpion is heavily wounded.
The scorpion barely misses you.
The scorpion stings you but does no damage.
You hit the scorpion.
The scorpion is severely wounded.
You block the scorpion's attack.
You hit the scorpion but do no damage.
The scorpion is severely wounded.
The scorpion stings you but does no damage.
The scorpion stings you.
You are poisoned.
The scorpion poisons you!
You closely miss the scorpion.
The scorpion is severely wounded.
You feel sick.
The scorpion stings you but does no damage.
You hit the scorpion.
The scorpion is almost dead.
You feel sick. The scorpion stings you.
* * * LOW HITPOINT WARNING * * *
The scorpion stings you but does no damage.
You puncture the scorpion!
You kill the scorpion!
* * * LOW HITPOINT WARNING * * *
You feel sick.
Your Armour skill increases to level 3!
Your Evocations skill increases to level 1!
You have reached level 4!
You feel stronger.
Your demonic ancestry asserts itself...
A wave of death washes over you.
It was a potion of attraction.
You feel attractive to monsters.
You die...

.....†.#######.#
.......# #....#
######## #.####
###########.#
##........#.#
...######.#.######
...# #.#....>.##
.†.######.#.......#
............####@.#
....#####.#.# #..#
....# #.### #..#
....# #.# ...#
....# #.# ##.#
##..# #.# .# ##..#
#.# ## ....# #.#
....# #.#


There were no monsters in sight!

Vanquished Creatures
  A scorpion (D:2)
  An adder (D:2)
  A worm (D:2)
  A dart slug (D:1)
  3 ball pythons
  4 bats
  3 endoplasms (D:1)
  3 giant cockroaches (D:2)
  3 goblins
  3 hobgoblins
  3 jackals (D:1)
  A quokka (D:1)
  11 frilled lizards (D:1)
  3 kobolds
  6 rats
47 creatures vanquished.

Vanquished Creatures (others)
  5 plants (D:1)
5 creatures vanquished.

Grand Total: 52 creatures vanquished

Notes
Turn   | Place    | Note
-------+----------+-------------------------------------------
     0 | D:1      | southernslant the Demonspawn Fighter began the quest for
                  | the Orb.
     0 | D:1      | Reached XP level 1. HP: 18/18 MP: 1/1
   167 | D:1      | Gained mutation: You have a somewhat thin skeletal
                  | structure. (Dex +2, Stealth+) [demonic ancestry]
   167 | D:1      | Reached XP level 2. HP: 21/24 MP: 2/2
   448 | D:1      | Found a faded altar of an unknown god.
   769 | D:1      | Reached skill level 1 in Dodging
  1126 | D:1      | Gained mutation: You may rarely emit foul miasma when
                  | damaged in melee. [demonic ancestry]
  1126 | D:1      | Reached XP level 3. HP: 22/29 MP: 3/3
  2275 | D:2      | Noticed a scorpion
  2289 | D:2      | Killed a scorpion
  2289 | D:2      | HP: 1/29 [poisoned by a scorpion]
  2290 | D:2      | Reached skill level 1 in Evocations
  2290 | D:2      | Gained mutation: You regenerate a little health from kills.
                  | [demonic ancestry]
  2290 | D:2      | Reached XP level 4. HP: 1/35 MP: 4/4
  2290 | D:2      | Succumbed to a scorpion's poison

Illustrated notes

Levels and vault maps discovered:
D:1:      shiori_arrival_elements, layout_loops_corners, basic_ecumenical_altar,
          minmay_lizard_king
D:2:      layout_basic

Skill      XL: |  1  2  3 |
---------------+----------+-----
Polearms       | 2 |  2.4
Dodging        | 1 |  1.5
Shields        | 3 |  3.0
Armour         | 3 |  3.0
Evocations     | 1 |  1.0
Fighting       | |  3.3
Staves         | |  0.2
Throwing       | |  0.6
Stealth        | |  0.8

Action                   |  1- 3 |  4- 6 || total
-------------------------+-------+-------++-------
Melee: Trident           |    97 |       ||    97
       Staff             |    71 |       ||    71
  Use: Potion            |     2 |     1 ||     3
 Stab: Sleeping          |     3 |       ||     3
Armor: Scale mail        |    60 |       ||    60
Dodge: Dodged            |    61 |       ||    61
Block: Buckler           |    34 |       ||    34

Table legend: (Time is in decaauts)
 A = Elapsed time spent in this place.
 B = Non-inter-level travel time spent in this place.
 C = Inter-level travel time spent in this place.
 D = Time resting spent in this place.
 E = Time spent auto-exploring this place.
 F = Levels seen in this place.
 G = Mean time per level.
                   A        B        C        D        E       F      G
               +--------+--------+--------+--------+--------+-----+--------+
         Total |   2324 |   2292 |     32 |      0 |   1900 |   2 | 1162.0 |
       Dungeon |   2324 |   2292 |     32 |      0 |   1900 |   2 | 1162.0 |
               +--------+--------+--------+--------+--------+-----+--------+

Top non-repeatable levels by time:
     D:1: 1474 daAuts
     D:2: 849 daAuts
